 Dungeon Crawl Stone Soup version 0.30-a0-297-g0ec75d9ef4 (webtiles) character file.

Game seed: 6814751637554902359

2966 Bnni the Skirmisher (level 10, -4/78 (79) HPs)
             Began as a Formicid Hunter on Oct 18, 2022.
             Was a Follower of Okawaru.
             Slain by an ogre
             ... wielding a +0 giant club
              (26 damage)
             ... on level 6 of the Dungeon.
             The game lasted 00:11:29 (6422 turns).

Bnni the Skirmisher (Formicid Hunter)               Turns: 6422, Time: 00:11:30

HP:   -4/78 (79)    AC: 10    Str: 15    XL:     10   Next: 8%
MP:   11/11         EV: 11    Int: 10    God:    Okawaru [*.....]
Gold: 164           SH:  0    Dex: 21    Spells: 9/9 levels left

rFire   . . .      SeeInvis +    a - +0 shortbow
rCold   . . .      Faith    .    (no shield)
rNeg    + . .      Spirit   .    e - +0 ring mail
rPois   .          Reflect  .    (helmet unavailable)
rElec   .          Harm     .    (no cloak)
rCorr   .          Rampage  .    x - +0 pair of gloves
Will    +....                    i - +1 pair of boots
Stlth   +.........               (no amulet)
HPRegen 0.33/turn                d - ring of positive energy
MPRegen 0.12/turn                (no ring)

@: lightly drained
A: permanent stasis, dig shafts and tunnels, antennae 3, four strong arms
a: Dig, Shaft Self, Renounce Religion, Heroism


You were on level 6 of the Dungeon.
You worshipped Okawaru.
Okawaru was aware of your devotion.
You visited 2 branches of the dungeon, and saw 9 of its levels.

You collected 293 gold pieces.
You spent 129 gold pieces at shops.

Inventory:

Hand Weapons
 a - a +0 shortbow (weapon)
 p - a +4 hand axe
 z - a +1 great sword
Armour
 e - a +0 ring mail (worn)
 i - a +1 pair of boots (worn)
 x - a +0 pair of gloves (worn)
Jewellery
 d - a ring of positive energy (left hand)
Wands
 j - a wand of digging (4)
 k - a wand of paralysis (19)
 o - a wand of flame (19)
 t - a wand of iceblast (16)
Scrolls
 b - 2 scrolls of immolation
 g - 2 scrolls of enchant weapon {unknown}
 h - 4 scrolls of teleportation {unknown}
 n - 4 scrolls of enchant armour
 r - a scroll of butterflies {unknown}
 s - a scroll of vulnerability {unknown}
 u - a scroll of fear {unknown}
 v - 3 scrolls of amnesia {unknown}
 w - a scroll of magic mapping {unknown}
 y - 4 scrolls of blinking {unknown}
 B - a scroll of torment {unknown}
Potions
 c - 6 potions of flight
 f - 2 potions of curing
 l - 4 potions of might
 m - 2 potions of heal wounds
 q - 2 potions of mutation
 A - a potion of lignification {unknown}


   Skills:
 + Level 7.6 Fighting
 * Level 10.2 Ranged Weapons
 - Level 7.0 Armour
 - Level 1.7 Dodging
 - Level 1.2 Stealth
 + Level 1.5 Invocations


You had 9 spell levels left.
You didn't know any spells.
Your spell library contained the following spells:

 Spells                   Type           Power      Damage    Failure   Level
 Necrotise                Necr           0%         1d4       56%         1
 Frozen Ramparts          Ice            0%         1d1       90%         3
 Vampiric Draining        Necr           0%         2d6       90%         3
 Ice Form                 Ice/Tmut       0%         N/A       100%        4
 Agony                    Necr           0%         N/A       100%        5
 Summon Ice Beast         Ice/Summ       Unusable   N/A       N/A         4

Dungeon Overview and Level Annotations

Branches:
Dungeon (8/15)             Temple (1/1) D:7
   Lair: D:8-11

Altars:
Ashenzari
Dithmenos
Elyvilon
Fedhas
Gozag
Hepliaklqana
Kikubaaqudgha
Makhleb
Nemelex Xobeh
Okawaru
Qazlal
Ru
Sif Muna
Trog
Uskayaw
Vehumet
Wu Jian
Xom
Yredelemnul
Zin
The Shining One

Shops:
D:5 !   D:6 (   D:7 *

Annotations:
D:8 2 transporters


Innate Abilities, Weirdness & Mutations

You cannot be hasted, slowed, berserked, paralysed or teleported.
You can dig through walls and to a lower floor.
You have a pair of large antennae on your head. (SInv)
Your four strong arms can wield two-handed weapons with a shield.


Message History

The ogre is lightly wounded.
You shoot an arrow. The arrow hits the ogre.
The ogre is moderately wounded.
You shoot an arrow. The arrow hits the ogre.
The ogre is moderately wounded.
The ogre barely misses you.
You shoot an arrow.
The arrow hits the ogre but does no damage.
The ogre is moderately wounded.
You shoot an arrow. The arrow hits the ogre.
The ogre is heavily wounded.
The ogre barely misses you.
You shoot an arrow.
The arrow hits the ogre but does no damage.
The ogre is heavily wounded.
The ogre barely misses you.
You shoot an arrow. The arrow hits the ogre!
The ogre is severely wounded.
The ogre hits you with a +0 giant club!!
You are too injured to fight recklessly!
Fire: a) +0 shortbow
Press: ? - help, Q - select action, (/) - cycle Shift-Dir - straight line, f/p - ogre
Aim: an ogre, wielding a +0 giant club (severely wounded, 81% to hit)
You shoot an arrow. The arrow hits the ogre.
The ogre is almost dead.
Unknown command.
Fire: a) +0 shortbow
Press: ? - help, Q - select action, (/) - cycle Shift-Dir - straight line, f/p - ogre
Aim: an ogre, wielding a +0 giant club (almost dead, 81% to hit)
You shoot an arrow. The arrow hits the ogre.
The ogre is almost dead.
The ogre hits you with a +0 giant club!
* * * LOW HITPOINT WARNING * * *
Fire: a) +0 shortbow
Press: ? - help, Q - select action, (/) - cycle Shift-Dir - straight line, f/p - ogre
Aim: an ogre, wielding a +0 giant club (almost dead, 81% to hit)
You shoot an arrow. The arrow hits the ogre.
The ogre is almost dead.
The ogre hits you with a +0 giant club!!
You die...

.###.................#
_..'.......#..........
.###.##....#.......... .#
#.......#........# .
+###.##..#..#.......# ..
.....##..#..#....#.##..$
.........##.รท....#....##
........#####..........#
........# #....O@.!.....
.......##.......))......
...........#..#.........
..........##....).......
................#.......
........................
........................
.........<......^.......
.........


You could see an ogre.

Vanquished Creatures
  A kobold demonologist (D:6)
  Grinder (D:3)
  Sigmund (D:3)
  Menkaure (D:7)
  A water moccasin (D:6)
  4 sky beasts
  A hornet zombie (D:7)
  A centaur (D:6)
  An ogre (D:5)
  A bullfrog (D:6)
  3 scorpions
  2 necrophages (D:7)
  9 wights
  A centaur zombie (D:7)
  2 jellies
  A bullfrog zombie (D:7)
  A hound (D:6)
  A human zombie (D:7)
  6 orc priests
  An iguana (D:7)
  An orc wizard (D:3)
  A killer bee zombie (D:7)
  3 mummies (D:7)
  4 gnolls (D:4)
  6 adders
  2 shadow imps (D:6)
  A white imp (D:6)
  2 ufetubi
  3 worms
  4 dart slugs
  14 orcs
  An endoplasm (D:4)
  2 giant cockroaches (D:2)
  6 goblins
  10 hobgoblins
  2 jackals (D:2)
  2 quokkas
  7 ball pythons
  4 bats
  3 frilled lizards
  9 kobolds
  4 rats (D:1)
131 creatures vanquished.

Notes
Turn   | Place    | Note
-------+----------+-------------------------------------------
     0 | D:1      | Bnni the Formicid Hunter began the quest for the Orb.
     0 | D:1      | Reached XP level 1. HP: 16/16 MP: 1/1
    40 | D:1      | Reached XP level 2. HP: 23/23 MP: 2/2
   165 | D:1      | Reached skill level 1 in Armour
   171 | D:1      | Found a faded altar of an unknown god.
   317 | D:1      | Reached XP level 3. HP: 23/28 MP: 3/3
  1059 | D:2      | Reached XP level 4. HP: 34/34 MP: 4/4
  1656 | D:3      | Noticed Sigmund
  1667 | D:3      | Killed Sigmund
  1668 | D:3      | Reached skill level 5 in Ranged Weapons
  1668 | D:3      | Reached XP level 5. HP: 27/42 MP: 5/5
  1668 | D:3      | Reached XP level 6. HP: 30/48 MP: 6/6
  1799 | D:3      | HP: 1/44 [orc wizard/+0 dagger (2)]
  2146 | D:3      | Found a sacrificial altar of Ru.
  2232 | D:3      | Noticed Grinder
  2240 | D:3      | Killed Grinder
  2241 | D:3      | Reached skill level 6 in Ranged Weapons
  2241 | D:3      | Reached XP level 7. HP: 17/55 MP: 7/7
  2985 | D:4      | Found a blossoming altar of Fedhas.
  2988 | D:4      | Found a stormy altar of Qazlal.
  3333 | D:5      | Entered Level 5 of the Dungeon
  3333 | D:5      | Found Hodweargh's Distillery.
  3336 | D:5      | Bought a potion of heal wounds for 75 gold pieces
  3840 | D:5      | Reached skill level 7 in Ranged Weapons
  3967 | D:5      | Reached skill level 5 in Fighting
  3967 | D:5      | Reached XP level 8. HP: 43/62 MP: 8/8
  4049 | D:5      | Found a hide-covered altar of Uskayaw.
  4419 | D:6      | Found a transporter.
  4431 | D:6      | Noticed a kobold demonologist
  4432 | D:6      | Found Zopid's Weapon Shoppe.
  4479 | D:6      | Noticed a rust devil
  4491 | D:6      | Noticed a hellwing
  4494 | D:6      | Killed a kobold demonologist
  4495 | D:6      | Reached skill level 8 in Ranged Weapons
  4495 | D:6      | Reached skill level 5 in Armour
  4530 | D:6      | Found a transporter.
  4549 | D:6      | Reached XP level 9. HP: 52/69 MP: 9/9
  4670 | D:6      | You fall into a shaft and drop 2 floors!
  4877 | D:8      | Found a transporter.
  4877 | D:8      | Found a transporter.
  4908 | D:7      | Found a staircase to the Ecumenical Temple.
  4914 | D:7      | Noticed Menkaure
  4919 | Temple   | Entered the Ecumenical Temple
  5053 | Temple   | Became a worshipper of Warmaster Okawaru
  5085 | D:7      | Killed Menkaure
  5086 | D:7      | Reached skill level 9 in Ranged Weapons
  5104 | D:7      | Found Togonann's General Store.
  5110 | D:7      | Bought a +0 pair of gloves for 54 gold pieces
  5134 | D:7      | Found an ornate altar of the Wu Jian Council.
  5428 | D:7      | Found a shimmering altar of Xom.
  5428 | D:7      | Found a radiant altar of Vehumet.
  5896 | D:7      | Found an ancient bone altar of Kikubaaqudgha.
  6024 | D:7      | Reached * piety under Okawaru
  6153 | D:7      | Reached skill level 10 in Ranged Weapons
  6302 | D:6      | Reached XP level 10. HP: 79/79 MP: 10/10
  6305 | D:6      | Found a sparkling altar of Nemelex Xobeh.
  6338 | D:6      | Reached skill level 1 in Invocations
  6422 | D:6      | Slain by an ogre

Illustrated notes

Levels and vault maps discovered:
D:1:      dpeg_arrival_orchard, layout_basic,
          ebering_ecumenical_altar_abandoned, minmay_tall_x
D:2:      layout_basic
D:3:      layout_basic, nicolae_ru_path_of_blood, uniq_sigmund, uniq_grinder
D:4:      layout_basic, grunt_temple_overflow_forces_of_nature,
          minmay_fractal_squares_5
D:5:      layout_loops_ring, nicolae_uskayaw_suspiria, serial_shops,
          nicolae_stop_n_shop_2, nicolae_figureground_sparkle
D:6:      gammafunk_wand_slinger, layout_cave_pools, lemuel_doored_altar,
          kennysheep_little_box, serial_shops, shop
D:7:      layout_basic, mainiacjoe_overflow_paths,
          gammafunk_temple_overflow_elements,
          lemuel_mausoleum_altar_kikubaaqudgha, temple_pool_b, serial_shops,
          shop, minivault_23, uniq_menkaure
D:8:      layout_cave_pods, serial_nicolae_subway, nicolae_sub_station_crystal,
          nicolae_sub_station_metal, nicolae_sub_station_stone
Temple:   minmay_temple_bridge_abc

Skill      XL: |  1  2  3  4  5  6  7  8  9 10 |
---------------+-------------------------------+-----
Armour         | 1 2 3 4 5 6 7 |  7.0
Fighting       | 3 4 5 6 7 |  7.6
Ranged Weapons | 5 6 7 8 10 | 10.2
Invocations    | 1 |  1.5
Dodging        | |  1.7
Stealth        | |  1.2

Action                   |  1- 3 |  4- 6 |  7- 9 | 10-12 || total
-------------------------+-------+-------+-------+-------++-------
 Fire: Shortbow          |    81 |    91 |   351 |    37 ||   560
 Abil: Dig               |       |     2 |       |       ||     2
       Shaft Self        |       |       |     1 |       ||     1
  Use: Potion            |       |     2 |       |       ||     2
       Scroll            |       |       |     5 |       ||     5
Armor: Leather armour    |     2 |       |       |       ||     2
       Ring mail         |     5 |     9 |    78 |     3 ||    95
Dodge: Dodged            |    18 |    30 |   154 |    14 ||   216

Table legend: (Time is in decaauts)
 A = Elapsed time spent in this place.
 B = Non-inter-level travel time spent in this place.
 C = Inter-level travel time spent in this place.
 D = Time resting spent in this place.
 E = Time spent auto-exploring this place.
 F = Levels seen in this place.
 G = Mean time per level.
                   A        B        C        D        E       F      G
               +--------+--------+--------+--------+--------+-----+--------+
         Total |   6549 |   6372 |    177 |    671 |   4580 |   9 |  727.7 |
       Dungeon |   6392 |   6237 |    155 |    579 |   4554 |   8 |  799.0 |
        Temple |    157 |    135 |     22 |     92 |     26 |   1 |  157.0 |
               +--------+--------+--------+--------+--------+-----+--------+

Top non-repeatable levels by time:
     D:7: 1270 daAuts
     D:2: 1117 daAuts
     D:5: 960 daAuts
     D:4: 949 daAuts
     D:3: 793 daAuts
     D:6: 545 daAuts
     D:1: 544 daAuts
     D:8: 210 daAuts
  Temple: 157 daAuts
